 Dungeon Crawl Stone Soup version 0.16-a0-4056-gee4db93 (webtiles) character file.

56 timbw the Magician (level 3, -2/26 HPs)
             Began as a Demigod Wizard on Feb 20, 2015.
             Slain by a hobgoblin
             ... wielding a +0 club
              (5 damage)
             ... on level 6 of the Dungeon.
             The game lasted 00:06:01 (1363 turns).

timbw the Magician (Demigod Wizard)                 Turns: 1363, Time: 00:06:02

Health: -2/26      AC:  7    Str: 10    XL:     3   Next: 47%
Magic:  7/10       EV: 11    Int: 24    God:
Gold:   103        SH:  0    Dex: 14    Spells: 3 memorised, 1 level left

rFire  + . .     SeeInvis .     h - +0 dagger
rCold  . . .     Clarity  .     j - +2 leather armour {rF+}
rNeg   . . .     SustAb   +     (no shield)
rPois  .         Gourm    .     m - +0 helmet
rElec  .         Spirit   .     (no cloak)
rCorr  .         Warding  .     (no gloves)
rMut   .         Stasis   .     e - +0 pair of boots
MR     .....                    (no amulet)
Stlth  ++........               (no ring)
                                (no ring)

@: very slightly contaminated, not resistant to hostile enchantments, unstealthy
A: sustain abilities
a: no special abilities


You were on level 6 of the Dungeon.
You were hungry.

You visited 1 branch of the dungeon, and saw 6 of its levels.

You collected 103 gold pieces.

Inventory:

Hand weapons
 h - a +0 dagger (weapon)
 n - a +0 short sword
Missiles
 i - a throwing net (quivered)
Armour
 a - a +0 robe
 b - a +0 hat
 e - a +0 pair of boots (worn)
 j - a +2 leather armour of fire resistance (worn)
 m - a +0 helmet (worn)
Scrolls
 f - 4 scrolls of remove curse {unknown}
 g - a scroll of amnesia {unknown}
 l - a scroll of identify {unknown}
Potions
 k - a potion of curing {unknown}
 o - a potion of cancellation {unknown}
Books
 c - a book of Minor Magic

   Spells                             Type                      Level
   a - Magic Dart                     Conjuration                  1
   b - Blink                          Translocation                2
   c - Call Imp                       Summoning                    2
   d - Repel Missiles                 Charms/Air                   2
   e - Slow                           Hexes                        2
   f - Conjure Flame                  Conjuration/Fire             3
   g - Mephitic Cloud                 Conjuration/Poison/Air       3
 q - a book of Changes

   Spells                             Type                      Level
   a - Beastly Appendage              Transmutation                1
   b - Sticks to Snakes               Transmutation                2
   c - Spider Form                    Transmutation/Poison         3
   d - Ice Form                       Ice/Transmutation            4
   e - Blade Hands                    Transmutation                5
Comestibles
 d - a bread ration


   Skills:
 + Level 2.4 Short Blades
 - Level 1.7 Dodging
 - Level 1.7 Stealth
 - Level 3.1 Spellcasting
 - Level 0.8 Conjurations
   Level 0.8 Summonings
   Level 0.8 Translocations


You had one spell level left.
You knew the following spells:

 Your Spells              Type           Power        Failure   Level  Hunger
a - Magic Dart            Conj           #...         12%         1    None
b - Conjure Flame         Conj/Fire      #.......     38%         3    ###....
c - Mephitic Cloud        Conj/Pois/Air  #.......     38%         3    ###....


Dungeon Overview and Level Annotations

Branches:
Dungeon (6/15)             Temple (0/1) D:4


Innate Abilities, Weirdness & Mutations

Your attributes are resistant to harm.


Message History

There is a stone staircase leading up here.
Unknown command.
You are too injured to fight recklessly!
You are too injured to fight recklessly!
You are too injured to fight recklessly!
There is a stone staircase leading up here.
Things that are here:
a leather armour; a club; an orc corpse The hobgoblin closely misses you.
You hit the hobgoblin.
The hobgoblin is heavily wounded.
The hobgoblin hits you but does no damage.
You barely miss the hobgoblin.
The hobgoblin is heavily wounded.
The hobgoblin hits you with a club.
* * * LOW HITPOINT WARNING * * *
You hit the hobgoblin.
The hobgoblin is severely wounded.
The hobgoblin hits you with a club.
You die...

##...............
#................ .##
##.....##[<.......
...####......####.......
.......#.......#
###B....
#......#......## ##....
##.....####......####..
##...g# #...........#
##..@# #.........<.#
#...# #...........#
#.....##...........#
##.................#
...#...............
#..#####....#....... +..
. ###...... #.. ##.....
##. ....


You could see a hobgoblin.

Vanquished Creatures
  An orc wizard (D:3)
  7 orcs
  3 bats
  A giant cockroach (D:3)
  4 goblins
  A hobgoblin (D:3)
  A giant gecko (D:5)
  A giant newt (D:1)
  2 kobolds (D:3)
  3 rats
24 creatures vanquished.

Notes
Turn   | Place    | Note
--------------------------------------------------------------
     0 | D:1      | timbw, the Demigod Wizard, began the quest for the Orb.
     0 | D:1      | Reached XP level 1. HP: 14/14 MP: 4/4
   189 | D:2      | Reached skill level 3 in Spellcasting
   366 | D:3      | Reached XP level 2. HP: 20/20 MP: 4/7
   393 | D:3      | Found a bloodstained altar of Trog.
   484 | D:3      | Noticed an orc wizard
   502 | D:3      | Reached skill level 1 in Short Blades
   712 | D:3      | Killed an orc wizard
   712 | D:3      | Reached XP level 3. HP: 2/26 MP: 1/10
   891 | D:3      | Learned a level 3 spell: Conjure Flame
   895 | D:3      | Learned a level 3 spell: Mephitic Cloud
  1010 | D:4      | Found a staircase to the Ecumenical Temple.
  1012 | D:5      | Entered Level 5 of the Dungeon
  1265 | D:5      | Noticed a sky beast
  1363 | D:6      | Slain by a hobgoblin

Action                   || total
-------------------------++-------
Melee: Dagger            ||    93
       Unarmed           ||     7
 Cast: Magic Dart        ||    46
       Conjure Flame     ||     2
 Stab: Sleeping          ||     1
  Eat: Chunk             ||     1
